 Dungeon Crawl Stone Soup version 0.29-a0-1023-g6ae1a4a2c7 (webtiles) character file.

Game seed: 6511917741484169927

63 Sabo the Gusty (level 4, 0/39 HPs)
             Began as an Ogre Air Elementalist on Aug 11, 2022.
             Was a Believer of Wu Jian.
             Succumbed to an adder's poison
             ... on level 2 of the Dungeon.
             The game lasted 00:10:54 (3012 turns).

Sabo the Gusty (Ogre Air Elementalist)              Turns: 3012, Time: 00:10:54

Health: 0/39       AC:  3    Str: 12    XL:     4   Next: 9%
Magic:  9/9        EV: 10    Int: 18    God:    Wu Jian [**....]
Gold:   107        SH:  0    Dex:  9    Spells: 8/9 levels left

rFire   . . .      SeeInvis .   c - +0 hand axe
rCold   . . .      Faith    .   (no shield)
rNeg    . . .      Spirit   .   a - +0 robe
rPois   .          Reflect  .   (helmet restricted)
rElec   .          Harm     .   (no cloak)
rCorr   .          Rampage  .   (gloves unavailable)
Will    .....                   (boots unavailable)
Stlth   +.........              (no amulet)
HPRegen 0.13/turn               (no ring)
MPRegen 0.11/turn               (no ring)

@: lethally poisoned (0 -> -7), flying
A: large, unfitting armour, tough skin 1
a: Renounce Religion, Wall Jump


You were on level 2 of the Dungeon.
You worshipped Wu Jian.
Wu Jian was pleased with you.
You visited 1 branch of the dungeon, and saw 2 of its levels.

You collected 107 gold pieces.

Inventory:

Hand Weapons
 c - a +0 hand axe (weapon)
Missiles
 d - 2 javelins (quivered)
 g - 6 poisoned darts
Armour
 a - a +0 robe (worn)
Magical Staves
 k - a staff of conjuration
Jewellery
 l - a ring of magical power
Scrolls
 e - 3 scrolls of identify {unknown}
 h - a scroll of butterflies {unknown}
 i - a scroll of magic mapping {unknown}
 j - 2 scrolls of enchant armour {unknown}
Potions
 b - a potion of magic


   Skills:
 + Level 0.3 Axes
 + Level 2.0 Dodging
 + Level 1.5 Stealth
 + Level 3.4 Spellcasting
 + Level 1.1 Conjurations
 + Level 3.5 Air Magic


You had 8 spell levels left.
You knew the following spells:

 Your Spells              Type           Power      Damage    Failure   Level
a - Shock                 Conj/Air       44%        1d5       6%          1

Your spell library contained the following spells:

 Spells                   Type           Power      Damage    Failure   Level
 Static Discharge         Conj/Air       11%        3-5/arc   9%          2
 Swiftness                Air            15%        N/A       11%         3
 Airstrike                Air            7%         2d(2-18)  36%         4


Dungeon Overview and Level Annotations

Branches:
Dungeon (2/15)

Altars:
Wu Jian


Innate Abilities, Weirdness & Mutations

You are too large for most types of armour.
You have tough skin. (AC +1)


Message History

The adder is lightly wounded.
You feel sick. The adder barely misses you. The adder misses you.
You barely miss the adder.
The adder is lightly wounded.
You feel sick. The adder barely misses you. The adder misses you.
You barely miss the adder.
The adder is lightly wounded.
You feel sick. The adder barely misses you.
You hit the adder.
The adder is heavily wounded.
You feel sick. The adder barely misses you. The adder bites you.
You miss the adder.
The adder is heavily wounded.
You feel sick.
You are no longer poisoned.
The adder bites you.
You are poisoned.
The adder poisons you! The adder barely misses you.
You hit the adder but do no damage.
The adder is heavily wounded.
You feel very sick. The adder bites you.
* * * LOW HITPOINT WARNING * * *
You barely miss the adder.
The adder is heavily wounded.
You feel sick. The adder completely misses you. The adder bites you.
* * * LOW HITPOINT WARNING * * *
You are lethally poisoned!
The adder poisons you!
You hit the adder.
The adder is almost dead.
* * * LOW HITPOINT WARNING * * *
You feel very sick. The adder bites you.
* * * LOW HITPOINT WARNING * * *
The adder bites you but does no damage.
It was a potion of flight.
You feel very buoyant.
You fly up into the air.
You die...

#######
#.....#
#.....#
#..8..#
#..... #....
#..S#######
#..@.......
####..####...
# # #...§.#
.##. #.##§.##
.>. #..§§§§#
#. #.§§§§.###
#. #.§.§§.#..
#. #...§§.#.#
# ##......#.#
#


You could see an adder.

Vanquished Creatures
  An adder (D:2)
  An adder skeleton (D:2)
  An adder zombie (D:2)
  A dart slug (D:2)
  A bat skeleton (D:2)
  A bat zombie (D:2)
  6 endoplasms
  4 giant cockroaches
  3 goblins
  8 hobgoblins
  A quokka (D:2)
  A ball python (D:1)
  A ball python skeleton (D:2)
  2 ball python zombies (D:2)
  A bat (D:1)
  A frilled lizard (D:2)
  4 kobolds (D:1)
  A quokka skeleton (D:2)
  A rat (D:2)
40 creatures vanquished.

Vanquished Creatures (others)
  2 withered plants (D:2)
2 creatures vanquished.

Grand Total: 42 creatures vanquished

Notes
Turn   | Place    | Note
-------+----------+-------------------------------------------
     0 | D:1      | Sabo the Ogre Air Elementalist began the quest for the Orb.
     0 | D:1      | Reached XP level 1. HP: 16/16 MP: 3/3
   261 | D:1      | Found a faded altar of an unknown god.
   270 | D:1      | Prayed at the altar of an unknown god.
   270 | D:1      | Became a worshipper of the Wu Jian Council
   270 | D:1      | Reached * piety under Wu Jian
   609 | D:1      | Reached XP level 2. HP: 24/24 MP: 1/5
  1663 | D:2      | Reached XP level 3. HP: 21/31 MP: 1/7
  1853 | D:2      | Reached skill level 1 in Conjurations
  2313 | D:2      | Reached ** piety under Wu Jian
  2314 | D:2      | Reached XP level 4. HP: 39/39 MP: 6/9
  3012 | D:2      | Succumbed to an adder's poison

Illustrated notes

Levels and vault maps discovered:
D:1:      dpeg_arrival_rooms_a, layout_basic,
          dreamdust_ecumenical_altar_hidden_monk_grotto, hangedman_decor_lopped
D:2:      layout_loops_ring, serial_undead, serial_undead_a, serial_undead_d,
          serial_undead_a, serial_undead_d, serial_undead_b, serial_undead_d,
          minmay_three_crescents

Skill      XL: |  1  2  3 |
---------------+----------+-----
Air Magic      | 3 |  3.5
Dodging        | 2 |  2.0
Conjurations   | 1 |  1.1
Spellcasting   | 3 |  3.4
Axes           | |  0.3
Stealth        | |  1.5

Action                   |  1- 3 |  4- 6 || total
-------------------------+-------+-------++-------
Melee: Hand axe          |    58 |    15 ||    73
       Unarmed           |     5 |       ||     5
       Punch             |     1 |       ||     1
 Cast: Shock             |    68 |    15 ||    83
Invok: Lunge             |     4 |       ||     4
       Whirlwind         |     1 |       ||     1
  Use: Potion            |       |     1 ||     1
 Stab: Distracted        |     1 |       ||     1
Armor: Robe              |    25 |     3 ||    28
Dodge: Dodged            |    46 |    14 ||    60

Table legend: (Time is in decaauts)
 A = Elapsed time spent in this place.
 B = Non-inter-level travel time spent in this place.
 C = Inter-level travel time spent in this place.
 D = Time resting spent in this place.
 E = Time spent auto-exploring this place.
 F = Levels seen in this place.
 G = Mean time per level.
                   A        B        C        D        E       F      G
               +--------+--------+--------+--------+--------+-----+--------+
         Total |   3033 |   3033 |      0 |   1908 |      0 |   2 | 1516.5 |
       Dungeon |   3033 |   3033 |      0 |   1908 |      0 |   2 | 1516.5 |
               +--------+--------+--------+--------+--------+-----+--------+

Top non-repeatable levels by time:
     D:2: 1546 daAuts
     D:1: 1487 daAuts
